 Dungeon Crawl Stone Soup version 0.25.0-33-gff14898491 (webtiles) character file.

Game seed: 5664547229831173863

69 MisterFreud the Chiller (level 4, 33/35 HPs)
             Began as a Demonspawn Ice Elementalist on July 6, 2020.
             Got out of the dungeon alive.
             The game lasted 00:03:03 (1929 turns).

MisterFreud the Chiller (DsIE)                      Turns: 1929, Time: 00:03:03

Health: 33/35      AC:  2    Str:  8    XL:     4   Next: 2%
Magic:  7/7        EV: 12    Int: 17    God:
Gold:   62         SH:  0    Dex: 14    Spells: 3/7 levels left

rFire    . . .     SeeInvis .   g - +0 dagger
rCold    . . .     Gourm    .   (no shield)
rNeg     . . .     Faith    .   a - +0 robe
rPois    .         Spirit   .   (no helmet)
rElec    .         Reflect  .   (no cloak)
rCorr    .         Harm     .   (no gloves)
MR       .....                  (no boots)
Stlth    +++.......             (no amulet)
HPRegen  0.11/turn              (no ring)
MPRegen  0.10/turn              (no ring)

@: no status effects
A: nightstalker 1, powered by pain 1
a: no special abilities


You escaped.
You were not hungry.

You visited 1 branch of the dungeon, and saw 2 of its levels.

You collected 62 gold pieces.

Inventory:

Hand Weapons
 f - a +0 club
 g - a +0 dagger (weapon)
Armour
 a - a +0 robe (worn)
Jewellery
 i - an uncursed ring of flight {unknown}
Scrolls
 d - a scroll of immolation {unknown}
 h - 5 scrolls of identify {unknown}
 j - a scroll of random uselessness {unknown}
 m - a scroll of teleportation {unknown}
 n - a scroll of enchant armour {unknown}
Potions
 e - a potion of curing {unknown}
 k - a potion of heal wounds {unknown}
 l - a potion of ambrosia {unknown}
Comestibles
 b - a chunk of flesh
 c - 4 rations


   Skills:
 - Level 3.0 Fighting
 - Level 1.7 Dodging
 - Level 1.7 Stealth
 + Level 2.4 Spellcasting
 + Level 3.9 Ice Magic


You had 3 spell levels left.
You knew the following spells:

 Your Spells              Type           Power        Failure   Level  Hunger
a - Freeze                Ice            ###.         3%          1    #......
b - Frozen Ramparts       Ice            ###...       11%         3    ###....

Your spell library contained the following spells:

 Spells                   Type           Power        Failure   Level  Hunger
 Ozocubu's Armour         Chrm/Ice       #.......     26%         3    ###....
 Hailstorm                Conj/Ice       #.......     63%         4    #####..
 Summon Ice Beast         Ice/Summ       #.......     63%         4    #####..


Dungeon Overview and Level Annotations

Branches:
Dungeon (2/15)

Altars:


Innate Abilities, Weirdness & Mutations

You are slightly more attuned to the shadows.
You sometimes gain a little power by taking damage.


Message History

What level of the Dungeon? (default 1, ? - help)
The frozen ramparts melt away.
You feel sick.
You feel sick.
You see here an adder skeleton.
You feel sick.
You feel sick.
You see here a leopard gecko skeleton.
You feel sick.
You are no longer poisoned.
There is a stone staircase leading up here.
You climb upwards.
There is a stone staircase leading down here.
Magic restored.
You open the door.
There is an open door here.
There is a staircase leading out of the dungeon here.
Are you sure you want to leave the Dungeon?
This will make you lose the game!
Alright, then stay!
Are you sure you want to leave the Dungeon?
This will make you lose the game!
You have escaped!

..................#.#.#.#...###.#
.................................
##.##.##.##.#.......###.#....##.#
#.##.##.##.#.....#.# #.#....##.#
#.##.##+##+###.....# #.#.....#.#
#.##.........##....# #.#........
#.##.........##'##.# #.#.#.#.#.#
##.##.........#...#รท#
###.#.#.#.# #...#.........#.@.#.#
#.#.#...# #...##........#...#.#
#.#.##..# #...##........##'##.#
#.#.##..#
#...##........##....#####.#......
....#..........................>.
#.............#.###.######.......
######........#.# #.# #..#.#..
##.#######.###.######....... #
#.# #................#..


There were no monsters in sight!

Vanquished Creatures
  2 adders (D:2)
  3 dart slugs (D:1)
  2 leopard geckos
  A ball python (D:2)
  A bat skeleton (D:2)
  4 giant cockroaches
  5 goblins (D:1)
  2 hobgoblins (D:1)
  4 jackals (D:2)
  5 bats
  3 frilled lizards
  5 kobolds (D:1)
  3 rats (D:1)
40 creatures vanquished.

Notes
Turn   | Place    | Note
-------+----------+-------------------------------------------
     0 | D:1      | MisterFreud the Demonspawn Ice Elementalist began the quest
                  | for the Orb.
     0 | D:1      | Reached XP level 1. HP: 13/13 MP: 3/3
    71 | D:1      | Reached skill level 1 in Fighting
   299 | D:1      | Gained mutation: You sometimes gain a little power by
                  | taking damage. [demonic ancestry]
   299 | D:1      | Reached XP level 2. HP: 21/22 MP: 0/5
  1038 | D:1      | Reached XP level 3. HP: 22/28 MP: 3/6
  1825 | D:2      | Learned a level 3 spell: Frozen Ramparts
  1872 | D:2      | Gained mutation: You are slightly more attuned to the
                  | shadows. [demonic ancestry]
  1872 | D:2      | Reached XP level 4. HP: 32/35 MP: 3/7
  1929 | D:$      | Got out of the dungeon alive.

Illustrated notes

Levels and vault maps discovered:
D:1:      dpeg_arrival_tiny_f, layout_basic
D:2:      minmay_wonky_spiral, layout_rooms, evilmike_ruin_ashenzari,
          first_ration

Skill      XL: |  1  2  3 |
---------------+----------+-----
Fighting       | 1 2 3 |  3.0
Dodging        | |  1.7
Stealth        | |  1.7
Spellcasting   | |  2.4
Ice Magic      | |  3.9

Action                   |  1- 3 |  4- 6 || total
-------------------------+-------+-------++-------
Melee: Dagger            |    36 |       ||    36
       Club              |     2 |       ||     2
 Cast: Freeze            |    56 |       ||    56
       Frozen Ramparts   |     1 |       ||     1
 Stab: Sleeping          |     2 |       ||     2
  Eat: Chunk             |     4 |       ||     4
Armor: Robe              |    21 |       ||    21
Dodge: Dodged            |    71 |       ||    71
